 Dungeon Crawl Stone Soup version 0.24-a0-537-g2d01d4a (webtiles) character file.

Game seed: 13822071110322540174

109 NeededCrab the Gusty (level 4, 0/35 HPs)
             Began as a Draconian Air Elementalist on Aug 12, 2019.
             Slain by a gnoll
             ... wielding a +1 spear of piercing
              (4 damage)
             ... on level 3 of the Dungeon.
             The game lasted 00:16:42 (3628 turns).

NeededCrab the Gusty (Draconian Air Elementalist)   Turns: 3628, Time: 00:16:43

Health: 0/35       AC:  5    Str: 10    XL:     4   Next: 59%
Magic:  5/8        EV: 12    Int: 17    God:
Gold:   94         SH:  0    Dex: 11    Spells: 2/8 levels left

rFire    . . .     SeeInvis .   n - +0 quarterstaff
rCold    . . .     Gourm    .   (shield currently unavailable)
rNeg     + . .     Faith    .   (armour unavailable)
rPois    .         Spirit   .   (helmet restricted)
rElec    .         Reflect  .   (no cloak)
rCorr    .         Harm     .   (no gloves)
MR       .....                  (no boots)
Stlth    ++........             (no amulet)
HPRegen  0.11/turn              p - ring of positive energy
MPRegen  0.11/turn              (no ring)

@: no status effects
A: unfitting armour, cold-blooded, AC +5
a: no special abilities


You were on level 3 of the Dungeon.
You were not hungry.

You visited 1 branch of the dungeon, and saw 3 of its levels.

You collected 94 gold pieces.

Inventory:

Hand Weapons
 n - a +0 quarterstaff (weapon)
Jewellery
 p - a ring of positive energy (left hand)
Scrolls
 a - 2 scrolls of teleportation {unknown}
 c - a scroll of remove curse {unknown}
 g - a scroll of fear {unknown}
 h - a scroll of amnesia {unknown}
 o - 2 scrolls of random uselessness {unknown}
Potions
 d - a potion of degeneration {unknown}
 e - a potion of invisibility {unknown}
 f - a potion of resistance {unknown}
 i - a potion of magic {unknown}
 j - a potion of lignification {unknown}
 k - 2 potions of curing
 m - 3 potions of berserk rage
 q - a potion of agility {unknown}
Comestibles
 b - 7 rations
 l - a chunk of flesh


   Skills:
 + Level 1.4 Fighting
 - Level 2.0 Dodging
 - Level 1.7 Stealth
 + Level 2.7 Spellcasting
 + Level 2.0 Conjurations
 * Level 4.1 Air Magic


You had 2 spell levels left.
You knew the following spells:

 Your Spells              Type           Power        Failure   Level  Hunger
a - Shock                 Conj/Air       ##..         4%          1    #......
b - Swiftness             Chrm/Air       #.......     12%         2    ##.....
c - Static Discharge      Conj/Air       ##......     16%         3    ###....

Your spell library contained the following spells:

 Spells                   Type           Power        Failure   Level  Hunger
 Airstrike                Air            ###.......   32%         4    #####..
 Lightning Bolt           Conj/Air       ##........   80%         5    ######.


Dungeon Overview and Level Annotations

Branches:
Dungeon (3/15)

Altars:
Elyvilon


Innate Abilities, Weirdness & Mutations

Your plain brown scales are hard. (AC +5)
You cannot fit into any form of body armour.
You are cold-blooded and may be slowed by cold attacks.


Message History

Aim: a gnoll, wielding a +0 spear and carrying a wand of acid (4) (moderately wounded)
The zap misses the gnoll.
The zap hits the gnoll.
The gnoll is moderately wounded.
A gnoll comes into view. It is wielding a +0 spear.
Casting: Shock (safe; 4% risk of failure)
Confirm with . or Enter, or press ? or * to list all spells.
Aiming: Shock (safe; 4% risk of failure)
Press: ? - help, Shift-Dir - straight line, f/p - gnoll
Aim: a gnoll, wielding a +0 spear and carrying a wand of acid (4) (moderately wounded)
The zap misses the gnoll.
The zap hits the gnoll.
The gnoll is heavily wounded.
The zap hits the gnoll.
The gnoll is lightly wounded.
The gnoll shouts!
The gnoll zaps a wand.
The bolt of acid hits you!
You are splashed with acid!
Some of the chunks of flesh in your inventory have rotted away.
The gnoll hits you from afar with a +0 spear!
* * * LOW HITPOINT WARNING * * *
The gnoll hits you from afar with a +1 spear of piercing.
You die...

## ####....##.#
#..+....##.#
######.##....##.#
.....#.##....##.########
#....#.#####.##.........
#....#.....#..#.........
#....#.###.##.#...gg....
#....#...#.##.....gg....
#....#.#.#.#....@###....
#........#.'...>.# ...
###'##.#####.....# ..
#....# ####### #.####
###.# ....# #####


You could see 4 gnolls.

Vanquished Creatures
  3 adders (D:3)
  2 oozes
  A worm (D:3)
  2 dart slugs
  3 leopard geckos
  2 orcs (D:3)
  2 ball pythons (D:2)
  9 bats
  4 giant cockroaches
  4 goblins
  6 hobgoblins
  4 jackals (D:3)
  2 quokkas
  4 frilled lizards
  6 kobolds
  5 rats
59 creatures vanquished.

Notes
Turn   | Place    | Note
-------+----------+-------------------------------------------
     0 | D:1      | NeededCrab the Draconian Air Elementalist began the quest
                  | for the Orb.
     0 | D:1      | Reached XP level 1. HP: 14/14 MP: 3/3
   267 | D:1      | Reached XP level 2. HP: 20/20 MP: 3/5
   339 | D:1      | Learned a level 2 spell: Swiftness
  1023 | D:1      | Reached XP level 3. HP: 27/27 MP: 2/6
  1227 | D:2      | Learned a level 3 spell: Static Discharge
  2764 | D:3      | Reached skill level 1 in Fighting
  2999 | D:3      | Reached XP level 4. HP: 35/35 MP: 3/7
  3071 | D:3      | Reached skill level 4 in Air Magic
  3324 | D:3      | Found a white marble altar of Elyvilon.
  3628 | D:3      | Slain by a gnoll

Levels and vault maps discovered:
D:1:      scummos_arrival_star, layout_basic
D:2:      layout_basic
D:3:      layout_basic, marbit_many_paths

Skill      XL: |  1  2  3  4 |
---------------+-------------+-----
Dodging        | 2 |  2.0
Fighting       | 1 |  1.4
Air Magic      | 4 |  4.1
Conjurations   | 2 |  2.0
Stealth        | |  1.7
Spellcasting   | |  2.7

Action                   |  1- 3 |  4- 6 || total
-------------------------+-------+-------++-------
Melee: Unarmed           |    18 |       ||    18
       Tailslap          |     4 |     1 ||     5
       Quarterstaff      |     5 |    34 ||    39
 Cast: Shock             |    76 |    12 ||    88
       Swiftness         |     1 |       ||     1
       Static Discharge  |     3 |     4 ||     7
  Use: Scroll            |       |     3 ||     3
 Stab: Sleeping          |     1 |       ||     1
  Eat: Chunk             |     8 |     2 ||    10
Armor: Skin              |     5 |    16 ||    21
Dodge: Dodged            |    32 |    30 ||    62

Table legend:
 A = Non-vault XP
 B = Vault XP
 C = Vault XP percentage of total XP
 D = Non-vault monster count
 E = Vault monster count
 F = Vault count percentage of total count
                 A         B        C        D         E       F
            +---------+---------+-------+---------+---------+-------
      Total |     153 |       3 |   1.9 |      58 |       1 |   1.7
            +---------+---------+-------+---------+---------+-------
        D:1 |      42 |       0 |   0.0 |      21 |       0 |   0.0
        D:2 |      36 |       0 |   0.0 |      18 |       0 |   0.0
        D:3 |      75 |       3 |   3.8 |      19 |       1 |   5.0
            +---------+---------+-------+---------+---------+-------
